 Dungeon Crawl Stone Soup version 0.23.2-33-g5129a83184 (webtiles) character file.

Game seed: 3731222027405303539

2874 troglodite the Magician (level 9, -16/71 HPs)
             Began as a Gnoll Skald on July 4, 2019.
             Was an Initiate of Gozag.
             Demolished by a large abomination (27 damage)
             ... on level 2 of the Abyss on July 5, 2019.
             The game lasted 00:27:33 (7549 turns).

troglodite the Magician (Gnoll Skald)               Turns: 7549, Time: 00:27:33

Health: -16/71     AC: 14    Str: 15    XL:     9   Next: 76%
Magic:  0/19       EV: 16    Int: 14    God:    Gozag
Gold:   556        SH:  0    Dex: 21    Spells: 14/21 levels left

rFire    + + .     SeeInvis .   p - +0 trident
rCold    + . .     Gourm    .   (no shield)
rNeg     . . .     Faith    .   r - +1 ring mail {rC+}
rPois    .         Spirit   +   a - +1 helmet
rElec    .         Reflect  .   t - +1 cloak
rCorr    .         Harm     .   E - +0 pair of gloves of Ru's Vengeance {+Inv rF++ Int-4 Dex+4} (curse)
MR       .....                  w - +0 pair of boots
Stlth    +.........             c - amulet of guardian spirit
HPRegen  0.21/turn              e - +1 ring of evasion
MPRegen  0.16/turn              A - +3 ring of dexterity

@: liquid flames, gold aura, glowing
A: distributed training, fangs 1, strong nose
a: Potion Petition, Call Merchant, Bribe Branch, Renounce Religion, Evoke
Invisibility


You were on level 2 of the Abyss.
You worshipped Gozag.
Gozag was pleased with you.
You were not hungry.

You visited 2 branches of the dungeon, and saw 10 of its levels.
You visited the Abyss 1 time.

You collected 767 gold pieces.
You spent 117 gold pieces at shops.
You paid 94 gold pieces to Gozag.

Inventory:

Hand Weapons
 p - a +0 trident (weapon)
Missiles
 x - 8 tomahawks (quivered)
Armour
 a - a +1 helmet (worn)
 r - a +1 ring mail of cold resistance (worn)
 t - a +1 cloak (worn)
 w - a +0 pair of boots (worn)
 E - the cursed +0 pair of gloves of Ru's Vengeance (worn) {+Inv rF++ Int-4 Dex+4}
   (You found it on level 8 of the Dungeon)

   It affects your intelligence (-4).
   It affects your dexterity (+4).
   It greatly protects you from fire.
   It lets you turn invisible.
   It has a curse placed upon it.
Jewellery
 c - an amulet of guardian spirit (around neck)
 e - a +1 ring of evasion (left hand)
 A - a +3 ring of dexterity (right hand)
Wands
 b - a wand of acid (5)
 l - a wand of polymorph (8)
 v - a wand of flame (9)
Scrolls
 f - a scroll of amnesia {unknown}
 h - 10 scrolls of remove curse
 o - 2 scrolls of immolation
 q - a scroll of fear {unknown}
 u - a scroll of enchant weapon {unknown}
 y - a scroll of blinking
 C - a scroll of fog {unknown}
 D - a scroll of teleportation {unknown}
Potions
 g - 2 potions of might
 i - 2 potions of heal wounds
 j - a potion of cancellation
 k - 3 potions of curing
 m - 2 potions of brilliance
 n - a potion of resistance
 s - 2 potions of lignification
 z - 3 potions of mutation
 B - 2 potions of magic
Comestibles
 d - 12 rations


   Skills:
 + Level 6.5 Fighting
 + Level 4.4 Short Blades
 + Level 4.4 Long Blades
 + Level 4.4 Axes
 + Level 4.4 Maces & Flails
 + Level 6.5 Polearms
 + Level 4.4 Staves
 + Level 4.4 Slings
 + Level 4.4 Bows
 + Level 4.4 Crossbows
 + Level 4.4 Throwing
 + Level 5.2 Armour
 + Level 6.5 Dodging
 + Level 4.4 Stealth
 + Level 4.4 Shields
 + Level 4.4 Unarmed Combat
 + Level 6.8 Spellcasting
 + Level 3.7 Conjurations
 + Level 3.7 Hexes
 + Level 6.6 Charms
 + Level 3.7 Summonings
 + Level 3.7 Necromancy
 + Level 3.7 Translocations
 + Level 3.7 Transmutations
 + Level 3.7 Fire Magic
 + Level 3.7 Ice Magic
 + Level 3.7 Air Magic
 + Level 3.7 Earth Magic
 + Level 3.7 Poison Magic
 + Level 4.9 Invocations
 + Level 4.4 Evocations


You had 14 spell levels left.
You knew the following spells:

 Your Spells              Type           Power        Failure   Level  Hunger
a - Infusion              Chrm           ###.         1%          1    None
b - Regeneration          Chrm/Necr      ###.......   10%         3    ##.....
c - Spectral Weapon       Hex/Chrm       ###.....     10%         3    ##.....

Your spell library contained the following spells:

 Spells                   Type           Power        Failure   Level  Hunger
 Song of Slaying          Chrm           ###.....     2%          2    #......
 Shroud of Golubria       Chrm/Tloc      ###.......   4%          2    #......
 Corona                   Hex            ###....      6%          1    None
 Ensorcelled Hibernation  Hex/Ice        ###...       9%          2    #......
 Confuse                  Hex            ###.....     19%         3    ##.....
 Dazzling Spray           Conj/Hex       ###...       19%         3    ##.....
 Tukima's Dance           Hex            ###.....     19%         3    ##.....


Dungeon Overview and Level Annotations

Branches:
Dungeon (9/15)             Temple (1/1) D:6            Lair (0/6) D:9
    Orc (0/2) D:9

Altars:
Ashenzari
Cheibriados
Dithmenos
Elyvilon
Fedhas
Gozag
Hepliaklqana
Kikubaaqudgha
Makhleb
Nemelex Xobeh
Okawaru
Qazlal
Ru
Trog
Uskayaw
Vehumet
Wu Jian
Xom
Yredelemnul
Zin
The Shining One

Shops:
D:7 !

Annotations:
D:6 2 runed translucent doors, DKeggars's ghost, novice MiFi
D:7 4 runed translucent doors
D:9 Psyche


Innate Abilities, Weirdness & Mutations

Your experience applies equally to all skills.
You have very sharp teeth.
Your uncanny sense of smell can sniff out nearby items.


Message History

The smoke demon is severely wounded.
Your spectral weapon hits the smoke demon from afar.
The smoke demon completely misses you. The smoke demon misses you.
The smoke demon hits you but does no damage.
The large abomination barely misses you.
You puncture the smoke demon! Your bite misses the smoke demon.
The smoke demon is almost dead.
Your spectral weapon barely misses the smoke demon.
The smoke demon gestures at you. The sticky flame hits you. You resist.
You are covered in liquid flames!
The large abomination hits you but does no damage.
You hit the smoke demon.
You kill the smoke demon!
You are covered in liquid flames!
The large abomination hits you!!
* * * LOW HITPOINT WARNING * * *
The large abomination hits you!!
You die...
Your body crumbles into a pile of gold.

. ... ##.##
...
##..#.##.##
..#..#..(##
#........#
#.......#
#...(X.#
#.@$# ##X##
...# ......
.......#
........#
##.#...#.#
#.##.##.#


You could see 2 large abominations and a friendly spectral +0 trident.

Vanquished Creatures
  A smoke demon (Abyss:2)
  Sigmund (D:3)
  A sky beast (D:7)
  A black bear (D:7)
  3 ogres
  A centaur (D:7)
  4 bullfrogs
  A wyvern zombie (D:7)
  A scorpion (D:9)
  A wyvern skeleton (D:7)
  2 howler monkeys
  3 crimson imps
  A centaur zombie (D:5)
  3 hounds (D:5)
  A bullfrog skeleton (D:4)
  5 orc priests
  11 orc wizards
  Crazy Yiuf (D:3)
  2 centaur skeletons
  2 iguanas
  Ijyb (D:4)
  Terence (D:3)
  6 worker ants
  A worker ant zombie (D:8)
  6 gnolls
  2 howler monkey skeletons
  11 adders
  2 shadow imps
  2 worms
  2 dart slugs (D:1)
  A leopard gecko (D:2)
  31 orcs
  5 ball pythons
  4 bats
  6 giant cockroaches
  9 hobgoblins
  12 jackals
  3 quokkas
  9 frilled lizards
  7 goblins
  2 jackal skeletons
  11 kobolds
  A quokka skeleton (D:5)
  A quokka zombie (D:5)
  7 rats
189 creatures vanquished.

Vanquished Creatures (others)
  3 spectral weapons
3 creatures vanquished.

Grand Total: 192 creatures vanquished

Notes
Turn   | Place    | Note
-------+----------+-------------------------------------------
     0 | D:1      | troglodite the Gnoll Skald began the quest for the Orb.
     0 | D:1      | Reached XP level 1. HP: 20/20 MP: 6/6
    75 | D:1      | Reached XP level 2. HP: 21/26 MP: 7/7
   399 | D:1      | Reached XP level 3. HP: 30/31 MP: 9/9
   559 | D:1      | Reached skill level 5 in Spellcasting
   567 | D:1      | Learned a level 3 spell: Regeneration
   573 | D:1      | Learned a level 3 spell: Spectral Weapon
   922 | D:2      | Found a sparkling altar of Nemelex Xobeh.
   975 | D:2      | Reached skill level 1 in Invocations
  1072 | D:2      | Reached skill level 1 in Short Blades
  1072 | D:2      | Reached skill level 1 in Long Blades
  1072 | D:2      | Reached skill level 1 in Axes
  1072 | D:2      | Reached skill level 1 in Maces & Flails
  1072 | D:2      | Reached skill level 1 in Staves
  1072 | D:2      | Reached skill level 1 in Slings
  1072 | D:2      | Reached skill level 1 in Bows
  1072 | D:2      | Reached skill level 1 in Crossbows
  1072 | D:2      | Reached skill level 1 in Throwing
  1072 | D:2      | Reached skill level 1 in Stealth
  1072 | D:2      | Reached skill level 1 in Shields
  1072 | D:2      | Reached skill level 1 in Unarmed Combat
  1072 | D:2      | Reached skill level 1 in Evocations
  1074 | D:2      | Reached XP level 4. HP: 27/38 MP: 6/11
  1235 | D:2      | Found a hide-covered altar of Uskayaw.
  1670 | D:3      | Reached skill level 1 in Conjurations
  1670 | D:3      | Reached skill level 1 in Hexes
  1670 | D:3      | Reached skill level 1 in Summonings
  1670 | D:3      | Reached skill level 1 in Necromancy
  1670 | D:3      | Reached skill level 1 in Translocations
  1670 | D:3      | Reached skill level 1 in Transmutations
  1670 | D:3      | Reached skill level 1 in Fire Magic
  1670 | D:3      | Reached skill level 1 in Ice Magic
  1670 | D:3      | Reached skill level 1 in Air Magic
  1670 | D:3      | Reached skill level 1 in Earth Magic
  1670 | D:3      | Reached skill level 1 in Poison Magic
  1675 | D:3      | Reached XP level 5. HP: 24/43 MP: 5/12
  1952 | D:3      | Noticed Terence
  1975 | D:3      | Killed Terence
  2146 | D:3      | Noticed Sigmund
  2171 | D:3      | Killed Sigmund
  2171 | D:3      | Reached skill level 5 in Fighting
  2171 | D:3      | Reached skill level 5 in Polearms
  2171 | D:3      | Reached skill level 5 in Dodging
  2171 | D:3      | Reached XP level 6. HP: 35/51 MP: 4/14
  2270 | D:3      | Found a runed translucent door.
  2271 | D:3      | Noticed Crazy Yiuf
  2280 | D:3      | Killed Crazy Yiuf
  2450 | D:4      | Found an ornate altar of the Wu Jian Council.
  2546 | D:4      | Noticed Ijyb
  2930 | D:4      | Killed Ijyb
  2930 | D:4      | Reached XP level 7. HP: 27/56 MP: 6/15
  3338 | D:4      | Found a sacrificial altar of Ru.
  3979 | D:5      | Entered Level 5 of the Dungeon
  3984 | D:5      | Found a shimmering altar of Xom.
  3988 | D:5      | Found a glowing silver altar of Zin.
  3988 | D:5      | Noticed an angel
  4154 | D:5      | Reached XP level 8. HP: 46/63 MP: 7/16
  4753 | D:6      | Found a hazy altar of Hepliaklqana.
  4804 | D:6      | Found a staircase to the Ecumenical Temple.
  4856 | Temple   | Entered the Ecumenical Temple
  5041 | Temple   | Became a worshipper of Gozag Ym Sagoz the Greedy
  5067 | D:6      | Found a white marble altar of Elyvilon.
  5148 | D:6      | Found a shadowy altar of Dithmenos.
  5150 | D:6      | Found a hide-covered altar of Uskayaw.
  5609 | D:6      | Found a runed translucent door.
  5612 | D:6      | Noticed DKeggars's ghost (novice MiFi)
  5656 | D:6      | Found a runed translucent door.
  5925 | D:7      | Reached XP level 9. HP: 64/69 MP: 16/18
  5964 | D:7      | Found a huge runed translucent gate.
  5965 | D:7      | Found a huge runed translucent gate.
  5965 | D:7      | Noticed a polar bear
  5965 | D:7      | Noticed a polar bear
  5966 | D:7      | Found a huge runed translucent gate.
  5966 | D:7      | Noticed a polar bear
  5966 | D:7      | Noticed a polar bear
  5968 | D:7      | Noticed a death yak
  6048 | D:7      | Found a huge runed translucent gate.
  6049 | D:7      | Noticed a polar bear
  6143 | D:7      | Found Diphirav's Distillery.
  6146 | D:7      | Bought a potion of curing for 39 gold pieces
  6146 | D:7      | Bought a potion of degeneration for 13 gold pieces
  6146 | D:7      | Bought a potion of heal wounds for 65 gold pieces
  6213 | D:7      | Found a burning altar of Makhleb.
  6989 | D:8      | Got a pair of dazzling gloves
  7000 | D:8      | Identified the cursed +0 pair of gloves of Ru's Vengeance
                  | {+Inv rF++ Int-4 Dex+4} (You found it on level 8 of the
                  | Dungeon)
  7012 | D:8      | Found a snail-covered altar of Cheibriados.
  7104 | D:8      | Reached skill level 5 in Armour
  7405 | D:9      | Noticed Psyche
  7414 | D:9      | Found a staircase to the Lair.
  7416 | D:9      | Found an iron altar of Okawaru.
  7418 | D:9      | Noticed a troll
  7435 | D:9      | Found a staircase to the Orcish Mines.
  7455 | D:8      | Cast into level 2 of the Abyss (Psyche)
  7538 | Abyss:2  | Noticed a smoke demon
  7541 | Abyss:2  | Noticed a large abomination
  7549 | Abyss:2  | Killed a smoke demon
  7549 | Abyss:2  | Demolished by a large abomination

Skill      XL: |  1  2  3  4  5  6  7  8  9 |
---------------+----------------------------+-----
Spellcasting   | 5 6 |  6.8
Invocations    | 1 2 3 4 |  4.9
Short Blades   | 1 2 3 4 |  4.4
Long Blades    | 1 2 3 4 |  4.4
Axes           | 1 2 3 4 |  4.4
Maces & Flails | 1 2 3 4 |  4.4
Staves         | 1 2 3 4 |  4.4
Slings         | 1 2 3 4 |  4.4
Bows           | 1 2 3 4 |  4.4
Crossbows      | 1 2 3 4 |  4.4
Throwing       | 1 2 3 4 |  4.4
Stealth        | 1 2 3 4 |  4.4
Shields        | 1 2 3 4 |  4.4
Unarmed Combat | 1 2 3 4 |  4.4
Evocations     | 1 2 3 4 |  4.4
Conjurations   | 1 2 3 |  3.7
Hexes          | 1 2 3 |  3.7
Summonings     | 1 2 3 |  3.7
Necromancy     | 1 2 3 |  3.7
Translocations | 1 2 3 |  3.7
Transmutations | 1 2 3 |  3.7
Fire Magic     | 1 2 3 |  3.7
Ice Magic      | 1 2 3 |  3.7
Air Magic      | 1 2 3 |  3.7
Earth Magic    | 1 2 3 |  3.7
Poison Magic   | 1 2 3 |  3.7
Fighting       | 5 6 |  6.5
Polearms       | 5 6 |  6.5
Armour         | 3 4 5 |  5.2
Dodging        | 5 6 |  6.5
Charms         | 6 |  6.6

Action                   |  1- 3 |  4- 6 |  7- 9 || total
-------------------------+-------+-------+-------++-------
Melee: Spear             |   139 |   192 |       ||   331
       Bite              |    15 |    23 |    77 ||   115
       Trident           |       |     8 |   549 ||   557
       Punch             |       |     1 |    10 ||    11
 Cast: Spectral Weapon   |     1 |     7 |    10 ||    18
       Regeneration      |       |     2 |     1 ||     3
  Use: Scroll            |       |       |    10 ||    10
       Potion            |       |       |     1 ||     1
 Stab: Sleeping          |     5 |       |     9 ||    14
  Eat: Chunk             |     1 |     6 |     8 ||    15
       Ration            |       |       |     3 ||     3
Armor: Leather armour    |     8 |       |       ||     8
       Ring mail         |    11 |    62 |   190 ||   263
Dodge: Dodged            |    79 |    94 |   362 ||   535
